 Dungeon Crawl Stone Soup version 0.21.0-3-g78d12a8 (webtiles) character file.

3907 tv1990 the Quickloader (level 10, -6/80 HPs)
             Began as a Formicid Hunter on Jan 9, 2018.
             Was a Believer of Okawaru.
             Mangled by Apogee's ghost (20 damage)
             ... on level 8 of the Dungeon.
             The game lasted 00:19:09 (7159 turns).

tv1990 the Quickloader (Formicid Hunter)            Turns: 7159, Time: 00:19:10

Health: -6/80      AC:  5    Str: 17    XL:     10   Next: 43%
Magic:  0/14       EV: 16    Int: 11    God:    Okawaru [**....]
Gold:   460        SH:  0    Dex: 17    Spells: 9/9 levels left

rFire    . . .     SeeInvis +   a - +2 hand crossbow
rCold    . . .     Gourm    .   (no shield)
rNeg     . . .     Faith    .   r - +1 leather armour of Negation {Dex+3 Slay+2} (curse)
rPois    +         Spirit   +   (helmet unavailable)
rElec    .         Reflect  .   p - scarf {repulsion}
rCorr    .         Harm     .   (no gloves)
MR       +....                  (no boots)
Stlth    +++.......             F - amulet of guardian spirit
HPRegen  0.23/turn              o - ring of poison resistance
MPRegen  0.14/turn              D - ring of flight

@: heroism, repel missiles
A: permanent stasis, dig shafts and tunnels, four strong arms, antennae 3
a: Dig, Shaft Self, Heroism, Renounce Religion, Evoke Flight


You were on level 8 of the Dungeon.
You worshipped Okawaru.
Okawaru was pleased with you.
You were very full.

You visited 2 branches of the dungeon, and saw 9 of its levels.

You collected 460 gold pieces.

Inventory:

Hand Weapons
 a - a +2 hand crossbow (weapon)
 b - a +0 short sword
 e - the +5 scythe "Finisher" {speed, Str+3}
   (You found it on level 5 of the Dungeon)

   Attacks with this weapon are significantly faster.
   It affects your strength (+3).
 l - a +0 flail
 s - a +0 whip
 u - a +4 flail of draining
Missiles
 d - 29 bolts (quivered)
Armour
 c - a +0 leather armour
 p - a scarf of repulsion (worn)
 q - a +1 plate armour
 r - the cursed +1 leather armour of Negation (worn) {Dex+3 Slay+2}
   (You found it on level 5 of the Dungeon)

   It affects your dexterity (+3).
   It affects your accuracy and damage with ranged weapons and melee attacks
   (+2).
   It has a curse placed upon it.
Jewellery
 o - a ring of poison resistance (left hand)
 t - an uncursed amulet of the gourmand
 D - a ring of flight (right hand)
 F - an amulet of guardian spirit (around neck)
Wands
 C - a wand of scattershot (5)
Scrolls
 j - 2 scrolls of random uselessness
 v - 7 scrolls of remove curse
Potions
 g - 2 potions of mutation {unknown}
 h - 3 potions of lignification {unknown}
 i - a potion of haste
 k - 3 potions of agility
 m - a potion of berserk rage
 n - a potion of curing {unknown}
 x - a potion of heal wounds {unknown}
 A - a potion of might {unknown}
 B - a potion of degeneration {unknown}
 E - a potion of ambrosia {unknown}
Books
 w - a book of Air

   Spells                             Type                      Level
   a - Shock                          Conjuration/Air              1
   b - Swiftness                      Charms/Air                   2
   c - Static Discharge               Conjuration/Air              3
   d - Airstrike                      Air                          4
   e - Lightning Bolt                 Conjuration/Air              5
 G - a book of Flames

   Spells                             Type                      Level
   a - Flame Tongue                   Conjuration/Fire             1
   b - Throw Flame                    Conjuration/Fire             2
   c - Conjure Flame                  Conjuration/Fire             3
   d - Inner Flame                    Hexes/Fire                   3
   e - Sticky Flame                   Conjuration/Fire             4
   f - Fireball                       Conjuration/Fire             5
Comestibles
 f - 15 rations
 z - 3 chunks of flesh


   Skills:
 - Level 8.1(13.1) Fighting
 + Level 9.8(14.8) Crossbows
 - Level 7.6(12.6) Armour
 - Level 1.7(6.7) Dodging
 - Level 1.2(6.2) Stealth
 + Level 6.1 Invocations


You had 9 spell levels left.
You didn't know any spells.

Dungeon Overview and Level Annotations

Branches:
Dungeon (8/15)             Temple (1/1) D:7
   Lair: D:8-11

Altars:
Ashenzari
Dithmenos
Fedhas
Gozag
Hepliaklqana
Kikubaaqudgha
Okawaru
Ru
Sif Muna
Trog
Uskayaw
Vehumet
Wu Jian
Xom
Yredelemnul
The Shining One

Shops:
D:5 :

Annotations:
D:4 exclusion: oklob plant
D:8 Apogee's ghost, novice MiFi


Innate Abilities, Weirdness & Mutations

You cannot be hasted, slowed, berserked, paralysed or teleported.
You can dig through walls and to a lower floor.
Your four strong arms can wield two-handed weapons with a shield.
You have a pair of large antennae on your head. (SInv)


Message History

Aim: Apogee's ghost (moderately damaged)
You shoot a bolt.
The bolt hits Apogee's ghost but does no damage.
Apogee's ghost closely misses you.
Aim: Apogee's ghost (moderately damaged)
You shoot a bolt. The bolt hits Apogee's ghost.
Apogee's ghost hits you!!
Aim: Apogee's ghost (heavily damaged)
You shoot a bolt. The bolt hits Apogee's ghost.
Apogee's ghost hits you!
Aim: Apogee's ghost (heavily damaged)
You shoot a bolt. The bolt hits Apogee's ghost!
Apogee's ghost hits you!!
* * * LOW HITPOINT WARNING * * *
Aim: Apogee's ghost (heavily damaged)
You shoot a bolt. The bolt hits Apogee's ghost.
Apogee's ghost misses you.
Aim: Apogee's ghost (severely damaged)
You shoot a bolt. The bolt hits Apogee's ghost.
Apogee's ghost hits you!!
* * * LOW HITPOINT WARNING * * *
Okay, then.
Are you sure you want to shaft yourself?
Apogee's ghost hits you!!
You die...

## #........ ##.###.##
###.##### #.......####
#.# .........<.# #.#
.##.##.#)#.# #.# ##
#.#.#.#######.#
.#..##.#)#>##....#.#
.......#(#.#.......###
.(...(.@W(...((....).+
.(...###.#.#......####
##...###.#.##....##
#......(..###.###
###.####### #.# #.#
#.# #.# #.#


You could see Apogee's ghost.

Vanquished Creatures
  The ghost of TheDeThijs the Cleaver, a novice HOFi of Beogh (D:7)
  A hippogriff (D:7)
  2 steam dragons (D:4)
  The ghost of Apogee the Insei, an amateur OpTm (D:4)
  A water moccasin (D:7)
  3 ice beasts
  3 orc warriors
  2 black bears (D:7)
  2 sky beasts
  4 phantoms
  2 ogres
  2 centaurs (D:5)
  A bullfrog (D:6)
  The ghost of Gobbopathe the Ruffian, an amateur VSTm (D:3)
  2 howler monkeys (D:8)
  A crimson imp (D:8)
  A bullfrog zombie (D:5)
  3 hounds
  An orc priest (D:3)
  2 bullfrog skeletons
  7 orc wizards
  2 iguanas
  Terence (D:3)
  7 worker ants
  A killer bee zombie (D:7)
  2 hound zombies
  A hound skeleton (D:7)
  4 gnolls (D:4)
  12 adders
  2 shadow imps
  An adder skeleton (D:6)
  3 worms (D:2)
  7 leopard geckos
  20 orcs
  4 giant cockroaches
  4 goblins
  10 hobgoblins
  12 jackals
  6 quokkas
  A ball python (D:6)
  4 bats
  8 frilled lizards
  9 kobolds
  A quokka skeleton (D:4)
  7 rats
172 creatures vanquished.

Vanquished Creatures (others)
  2 fungi (D:5)
2 creatures vanquished.

Grand Total: 174 creatures vanquished

Notes
Turn   | Place    | Note
-------+----------+-------------------------------------------
     0 | D:1      | tv1990 the Formicid Hunter began the quest for the Orb.
     0 | D:1      | Reached XP level 1. HP: 16/16 MP: 1/1
   133 | D:1      | Reached XP level 2. HP: 23/23 MP: 2/2
   216 | D:1      | Reached skill level 1 in Armour
   611 | D:2      | Reached XP level 3. HP: 28/28 MP: 3/3
   912 | D:2      | Reached XP level 4. HP: 24/35 MP: 4/4
  1119 | D:2      | Found a glowing golden altar of the Shining One.
  1235 | D:2      | Reached XP level 5. HP: 41/41 MP: 5/5
  1536 | D:2      | Found a sacrificial altar of Ru.
  1573 | D:3      | Noticed Gobbopathe's ghost (amateur VSTm)
  1595 | D:3      | Killed Gobbopathe's ghost
  1595 | D:3      | Reached skill level 5 in Crossbows
  1595 | D:3      | Reached XP level 6. HP: 17/48 MP: 6/6
  2371 | D:3      | Noticed Terence
  2377 | D:3      | Killed Terence
  2423 | D:3      | Reached XP level 7. HP: 28/55 MP: 7/7
  3030 | D:4      | Reached skill level 5 in Fighting
  3088 | D:4      | Noticed Apogee's ghost (amateur OpTm)
  3094 | D:4      | Killed Apogee's ghost
  3094 | D:4      | Reached skill level 6 in Crossbows
  3151 | D:4      | Reached XP level 8. HP: 64/64 MP: 8/8
  3173 | D:3      | Reached skill level 5 in Armour
  3399 | D:4      | Found an ancient bone altar of Kikubaaqudgha.
  3602 | D:4      | Found a blossoming altar of Fedhas.
  3629 | D:4      | Noticed an oklob plant
  3706 | D:5      | Entered Level 5 of the Dungeon
  4243 | D:5      | Got a heavily runed leather armour
  4268 | D:5      | Identified the cursed +1 leather armour of Negation {Dex+3 Slay+2} (You found it on level 5 of the Dungeon)
  4315 | D:5      | Reached skill level 7 in Crossbows
  4420 | D:5      | Found Emmypium's Book Boutique.
  4511 | D:5      | Reached XP level 9. HP: 71/71 MP: 9/9
  4524 | D:5      | Found the +5 scythe "Finisher" {speed, Str+3}
  5431 | D:7      | Reached skill level 8 in Crossbows
  5678 | D:7      | Found a staircase to the Ecumenical Temple.
  5687 | Temple   | Entered the Ecumenical Temple
  5738 | Temple   | Became a worshipper of Warmaster Okawaru
  5782 | D:7      | Reached skill level 1 in Invocations
  5820 | D:7      | Noticed TheDeThijs's ghost (novice HOFi)
  5828 | D:7      | Killed TheDeThijs's ghost
  5828 | D:7      | Reached * piety under Okawaru
  5828 | D:7      | Reached XP level 10. HP: 33/80 MP: 10/12
  5852 | D:7      | Reached skill level 9 in Crossbows
  6315 | D:7      | Reached skill level 5 in Invocations
  7012 | D:8      | Reached ** piety under Okawaru
  7146 | D:8      | Noticed Apogee's ghost (novice MiFi)
  7159 | D:8      | Mangled by Apogee's ghost

Skill      XL: |  1  2  3  4  5  6  7  8  9 10 |
---------------+-------------------------------+-----
Armour         | 1 2 3 4 6 7 |  7.6
Fighting       | 3 4 5 6 8 |  8.1
Crossbows      | 5 6 7 8 9 |  9.8
Invocations    | 3 6 |  6.1
Dodging        | |  1.7
Stealth        | |  1.2

Action                   |  1- 3 |  4- 6 |  7- 9 | 10-12 || total
-------------------------+-------+-------+-------+-------++-------
Melee: Flail             |       |       |    34 |       ||    34
       Scythe            |       |       |     8 |       ||     8
 Fire: Hand crossbow     |    56 |   116 |   240 |    83 ||   495
Invok: Heroism           |       |       |       |     1 ||     1
 Abil: Dig               |       |     1 |     1 |       ||     2
       Shaft Self        |       |       |       |     1 ||     1
  Use: Scroll            |       |       |     8 |     3 ||    11
  Eat: Chunk             |       |     5 |    21 |     4 ||    30
Armor: Leather armour    |     1 |    11 |     3 |     3 ||    18
       Plate armour      |       |     6 |    76 |       ||    82
Dodge: Dodged            |     4 |    22 |    57 |    12 ||    95

Vault maps used:
D:1:      mrwooster_arrival_statue, minmay_misc_feat_more_columns
D:2:      nicolae_ru_the_path_less_chosen, nicolae_overflow_crystal_walls,
          first_ration, minmay_misc_feat_square
D:3:      uniq_terence
D:4:      lemuel_round_altar, tgw_fedhas
D:5:      kennysheep_steamy, serial_shops, kennysheep_mini
D:7:      minmay_temple_entry_mist
D:8:      wad_cavern_with_rooms, makhleb_heckhound_becter, uniq_psyche
Temple:   eino_narrow_crystal_temple
